 Dungeon Crawl Stone Soup version 0.25-a0-1130-g3926558f3a (webtiles) character file.

Game seed: 7414608888587656815, levelgen mode: deterministic

486 Flugslaktarn the Chopper (level 7, 0/48 HPs)
             Began as an Octopode Fighter on May 19, 2020.
             Was an Initiate of Okawaru.
             Slain by a sky beast (6 damage)
             ... on level 5 of the Dungeon.
             The game lasted 00:02:33 (4966 turns).

Flugslaktarn the Chopper (Octopode Fighter)         Turns: 4966, Time: 00:02:33

Health: 0/48       AC:  1    Str: 16    XL:     7   Next: 13%
Magic:  8/8        EV: 11    Int: 10    God:    Okawaru [......]
Gold:   145        SH: 13    Dex: 13    Spells: 6/6 levels left

rFire    . . .     SeeInvis .   a - +0 war axe
rCold    . . .     Gourm    .   l - +0 tower shield
rNeg     . . .     Faith    .   (helmet restricted)
rPois    .         Spirit   .   (no amulet)
rElec    .         Reflect  .   (no ring)
rCorr    .         Harm     .   (no ring)
MR       .....                  (no ring)
Stlth    ++........             (no ring)
HPRegen  0.16/turn              (no ring)
MPRegen  0.11/turn              (no ring)
                                (no ring)
                                (no ring)

@: no status effects
A: almost no armour, stealthy swim, amphibious, 8 rings, constrict 8, camouflage
1, gelatinous body 1
a: Renounce Religion


You were on level 5 of the Dungeon.
You worshipped Okawaru.
Okawaru was noncommittal.
You were not hungry.

You visited 1 branch of the dungeon, and saw 5 of its levels.

You collected 145 gold pieces.

Inventory:

Hand Weapons
 a - a +0 war axe (weapon)
Armour
 b - a +0 kite shield
 l - a +0 tower shield (worn)
   (You found it on level 2 of the Dungeon)
Jewellery
 d - an uncursed ring of poison resistance {unknown}
   (You found it on level 4 of the Dungeon)
 i - a cursed ring of attention {unknown}
   (You found it on level 1 of the Dungeon)
 n - a cursed ring of attention {unknown}
   (You found it on level 4 of the Dungeon)
 s - a +4 ring of protection {unknown}
   (You found it on level 4 of the Dungeon)
Scrolls
 c - 6 scrolls of identify {unknown}
 g - 4 scrolls of teleportation {unknown}
 j - a scroll of fog {unknown}
 k - 2 scrolls of magic mapping {unknown}
 m - 2 scrolls of remove curse {unknown}
 q - a scroll of amnesia {unknown}
 u - a scroll of fear {unknown}
Potions
 f - a potion of lignification {unknown}
 h - a potion of magic {unknown}
 o - 2 potions of brilliance {unknown}
 p - a potion of degeneration {unknown}
 r - 3 potions of stabbing {unknown}
Comestibles
 e - 3 rations
 t - 9 chunks of flesh


   Skills:
 + Level 4.2 Fighting
 * Level 4.7 Axes
 + Level 4.3 Dodging
 + Level 4.2 Shields
 + Level 2.0 Invocations


You had 6 spell levels left.
You didn't know any spells.
Your spell library was empty.

Dungeon Overview and Level Annotations

Branches:
Dungeon (5/15)
 Temple: D:4-7

Altars:
Dithmenos
Okawaru
Ru

Annotations:
D:4 exclusion: ogre


Innate Abilities, Weirdness & Mutations

You cannot wear most types of armour.
You are very stealthy in the water. (Stealth+)
You are amphibious.
You can wear up to eight rings at the same time.
You can use your tentacles to constrict eight enemies at once.
Your skin changes colour to match your surroundings (Stealth+).
Your rubbery body absorbs attacks. (AC +1, EV +1)


Message History

You block the sky beast's attack.
You hit the sky beast.
You squeeze the sky beast, but do no damage.
The sky beast is heavily wounded.
You block the sky beast's attack. The sky beast hits you.
The sky beast shocks you.
Your shield prevents you from hitting the sky beast.
Your squeeze misses the sky beast.
The sky beast is heavily wounded.
You block the sky beast's attack.
Unknown command.
Your shield prevents you from hitting the sky beast.
Your squeeze misses the sky beast.
The sky beast is heavily wounded.
The sky beast hits you. The sky beast shocks you.
* * * LOW HITPOINT WARNING * * *
The sky beast hits you.
* * * LOW HITPOINT WARNING * * *
The sky beast shocks you.
You die...

#............
#......>.$...
#...........#
#.#.8.....8.#
#.#.........# ###
#...######### #..
#...###.## #.#
#..Y.....# # #.#
#.#@###.## # ..#.#
#.#.# #.# #
#>#.#.#####.#.# #.# #
##.#.#.......#.# #.# #
#..#.#.#####.#.# #.#
###....#.#...#...# ...
.##..#.#.#.#.#.##.....#
.##..#.#.#.#.#)# .#...#
รท##).#.#...#.#)# .#
###


You could see a sky beast.

Vanquished Creatures
  2 ice beasts (D:4)
  2 iguanas (D:4)
  2 worker ants (D:4)
  4 gnolls (D:5)
  A howler monkey skeleton (D:4)
  5 adders
  An ooze (D:1)
  3 worms
  2 dart slugs
  4 leopard geckos
  10 orcs
  A ball python (D:1)
  8 giant cockroaches
  13 goblins
  7 hobgoblins
  3 jackals (D:5)
  7 kobolds
  8 bats
  4 frilled lizards
  5 rats
92 creatures vanquished.

Notes
Turn   | Place    | Note
-------+----------+-------------------------------------------
     0 | D:1      | Flugslaktarn the Octopode Fighter began the quest for the
                  | Orb.
     0 | D:1      | Reached XP level 1. HP: 16/16 MP: 1/1
   111 | D:1      | Reached XP level 2. HP: 21/21 MP: 2/2
   504 | D:1      | Reached XP level 3. HP: 22/26 MP: 3/3
  1287 | D:2      | You fall into a shaft and drop 1 floor!
  1392 | D:2      | Reached XP level 4. HP: 31/31 MP: 4/4
  1422 | D:3      | HP: 1/31 [poisoned by an adder]
  1883 | D:2      | Found a shadowy altar of Dithmenos.
  2316 | D:3      | Reached XP level 5. HP: 36/36 MP: 5/5
  2503 | D:3      | Found an iron altar of Okawaru.
  2514 | D:3      | Became a worshipper of Warmaster Okawaru
  3063 | D:4      | Noticed an ice beast
  3237 | D:4      | Killed an ice beast
  3237 | D:4      | Reached skill level 1 in Invocations
  3237 | D:4      | Reached XP level 6. HP: 3/43 MP: 6/6
  3576 | D:4      | Noticed an ice beast
  3862 | D:4      | Killed an ice beast
  4288 | D:4      | Reached XP level 7. HP: 41/48 MP: 8/8
  4529 | D:4      | Found a sacrificial altar of Ru.
  4811 | D:5      | Entered Level 5 of the Dungeon
  4966 | D:5      | Slain by a sky beast

Illustrated notes

Levels and vault maps discovered:
D:1:      dpeg_arrival_prison, layout_loops_ring
D:2:      layout_rooms, grunt_dithmenos_smoke
D:3:      layout_loops_corners, okawaru_ov_weapons_minmay
D:4:      layout_basic, nicolae_ru_path_of_blood, first_ration,
          minmay_starry_boxes
D:5:      minmay_goblin_kobold_castle, layout_loops_ring, lemuel_round_altar,
          lightli_sewer_entry_pipes, roderic_lattice_a,
          minmay_misc_feat_secret_circle, st_stairs_1, uniq_edmund,
          uniq_prince_ribbit1

Skill      XL: |  1  2  3  4  5  6  7 |
---------------+----------------------+-----
Axes           | 3 4 |  4.7
Dodging        | 4 |  4.3
Invocations    | 1 2 |  2.0
Shields        | 4 |  4.2
Fighting       | 4 |  4.2

Action                   |  1- 3 |  4- 6 |  7- 9 || total
-------------------------+-------+-------+-------++-------
Melee: War axe           |    60 |    86 |    27 ||   173
       Constrict         |    17 |    24 |     7 ||    48
       Tentacles         |     8 |    19 |     5 ||    32
  Use: Potion            |       |     1 |       ||     1
 Stab: Sleeping          |     6 |     3 |       ||     9
  Eat: Chunk             |     1 |     6 |     2 ||     9
       Ration            |       |     1 |       ||     1
Armor: Skin              |     2 |     4 |       ||     6
Dodge: Dodged            |    30 |    32 |    10 ||    72
Block: Kite shield       |    19 |     5 |       ||    24
       Tower shield      |       |    46 |    26 ||    72

Table legend:
 A = Non-vault XP
 B = Vault XP
 C = Vault XP percentage of total XP
 D = Non-vault monster count
 E = Vault monster count
 F = Vault count percentage of total count
                 A         B        C        D         E       F
            +---------+---------+-------+---------+---------+-------
      Total |     473 |     222 |  31.9 |      82 |      10 |  10.9
            +---------+---------+-------+---------+---------+-------
        D:1 |      60 |       7 |  10.4 |      28 |       4 |  12.5
        D:2 |      56 |       0 |   0.0 |      18 |       0 |   0.0
        D:3 |      69 |       0 |   0.0 |      21 |       0 |   0.0
        D:4 |     222 |     215 |  49.2 |       7 |       6 |  46.2
        D:5 |      66 |       0 |   0.0 |       8 |       0 |   0.0
            +---------+---------+-------+---------+---------+-------
